 Dungeon Crawl Stone Soup version 5.2-4-g6121e92 (webtiles) character file.

87361 tehllama the Charmwright (level 18, 0/183 HPs)
             Began as a Gnoll Skald on Nov 24, 2017.
             Was the Champion of Okawaru.
             Slain by a frost giant
             ... wielding a +0 battleaxe of freezing
              (2 damage)
             ... on level 3 of the Vaults.
             The game lasted 00:56:57 (19310 turns).

tehllama the Charmwright (Gnoll Skald)             Turns: 19310, Time: 00:57:00

Health: 0/183      AC: 32 (39%)Str: 19  XL:     18   Next: 90%
Magic:  3/16       EV: 24    Int: 26    God:    Okawaru [6*[200]]
Gold:   266        SH: 11    Dex: 15    Spells: 21/52 levels left

rFire    + . .     SeeInvis .   a - +3 broad axe (venom)
rCold    + . .     Faith    .   e - +0 buckler
rNeg     + . .     Spirit   .   (armour currently unavailable)
rPois    ∞         Reflect  +   H - +2 helmet "Hubbiduowk" {rF+}
rElec    +                      n - +0 cloak
rCorr    .                      (gloves currently unavailable)
MR       +....                  (boots currently unavailable)
Stlth    +++++++...             U - +3 amulet of reflection
Regen    1.2/turn               w - +3 ring of intelligence
MPRegen  0.3/turn               N - ring of Tiwnytzu {rC+ Str+2 Slay+3}

@: statue-form, finesse, marked, very slightly contaminated, regenerating,
hasted, spectral weapon
A: clever, strong
}: 1/15 runes: decaying
a: End Regeneration, Stop Singing, End Infusion, End Spectral Weapon, End
Transformation, Finesse, Renounce Religion


You were on level 3 of the Vaults.
You worshipped Okawaru.
Okawaru was exalted by your worship.
You were not hungry.
You were a stone statue.
You visited 4 branches of the dungeon, and saw 23 of its levels.
You also visited: Sewer and Ossuary.

You collected 2824 gold pieces.
You spent 2558 gold pieces at shops.

Inventory:

Hand Weapons
 a - a +3 broad axe of venom (weapon)
 b - the +7 arbalest "Mepoav" {elec, Str+3}
   (You found it on level 2 of the Vaults)

   It charges the ammunition it shoots with electricity; occasionally upon a
   hit, such missiles may discharge and cause terrible harm.
   It affects your strength (+3).
 E - a +3 battleaxe of freezing
 I - the +9 rapier "Woseh" {drain, rN+ MP+9 Str-4 Stlth+}
   (You found it on level 10 of the Dungeon)

   A truly terrible weapon, it drains the life of those it strikes.
   It affects your strength (-4).
   It protects you from negative energy.
   It affects your magic capacity (+9).
   It makes you more stealthy.
Missiles
 d - 221 javelins (quivered)
 g - 3403 bolts
Armour
 e - a +0 buckler (worn)
 h - a +0 pair of gloves (melded)
 n - a +0 cloak (worn)
 B - the +2 robe "Rerghub" (melded) {Int+4 Dex+3}
   (You found it on level 6 of the Dungeon)

   It affects your intelligence (+4).
   It affects your dexterity (+3).
 H - the +2 helmet "Hubbiduowk" (worn) {rF+}
   (Okawaru gifted it to you on level 3 of the Swamp)

   It protects you from fire.
 L - a +0 pair of boots (melded)
 M - the +0 robe of Miedgh Reja {rN+ Str+6}
   (Okawaru gifted it to you on level 11 of the Dungeon)

   It affects your strength (+6).
   It protects you from negative energy.
 Q - a +0 large shield
Jewellery
 w - a +3 ring of intelligence (left hand)
 G - a +3 ring of strength
 N - the ring of Tiwnytzu (right hand) {rC+ Str+2 Slay+3}
   (You bought it in a shop on level 2 of the Vaults)

   [ring of slaying]

   It affects your strength (+2).
   It affects your accuracy and damage with ranged weapons and melee attacks
   (+3).
   It protects you from cold.
 U - a +3 amulet of reflection (around neck)
 Y - an uncursed ring of protection from magic
Wands
 q - a wand of disintegration (1)
 y - a wand of iceblast (7)
 T - a wand of acid (8)
Scrolls
 c - 3 scrolls of magic mapping
 f - 15 scrolls of teleportation
 m - 2 scrolls of enchant armour
 p - 4 scrolls of amnesia
 r - 6 scrolls of fear
 D - 3 scrolls of holy word
Potions
 i - a potion of heal wounds
 j - 4 potions of lignification
 k - 4 potions of mutation
 l - 4 potions of haste
 s - 7 potions of flight
 u - 4 potions of augmentation
 v - 4 potions of resistance
 z - 18 potions of curing
 C - 3 potions of cancellation
 F - 3 potions of magic
 P - a potion of ambrosia
Miscellaneous
 J - a crystal ball of energy
 O - a lamp of fire
 W - a sack of spiders


   Skills:
 + Level 12.5(17.5) Fighting
 + Level 9.5(14.5) Blades
 + Level 12.5(17.5) Axes
 + Level 9.5(16.2) Maces & Staves
 + Level 9.5(16.2) Polearms
 + Level 9.5(14.5) Bows
 + Level 9.5(14.5) Crossbows
 + Level 9.5(14.5) Throwing
 + Level 11.0(16.0) Armour
 + Level 11.0(16.0) Dodging
 + Level 9.5(14.5) Stealth
 + Level 9.5(14.5) Shields
 + Level 9.5(14.5) Unarmed Combat
 + Level 12.7 Spellcasting
 + Level 9.5 Hexes
 + Level 13.9 Charms
 + Level 9.5 Summonings
 + Level 9.5 Necromancy
 + Level 9.5 Translocations
 + Level 9.5 Transmutations
 + Level 9.5 Fire Magic
 + Level 9.5 Ice Magic
 + Level 9.5 Air Magic
 + Level 9.5 Earth Magic
 + Level 9.5 Invocations
 + Level 9.5 Evocations


You had 21 spell levels left.
You knew the following spells:

 Your Spells              Type           Power        Failure   Level  Hunger
a - Infusion              Chrm           25 (25)      0%          1    N/A
b - Song of Slaying       Chrm           73 (100)     0%          2    N/A
c - Regeneration          Chrm/Necr      67 (200)     1%          3    N/A
d - Ozocubu's Armour      Chrm/Ice       67 (100)     1%          4    N/A
e - Spectral Weapon       Chrm/Summ      67 (100)     1%          5    N/A
f - Invisibility          Hex            60 (200)     52%         7    N/A
g - Apportation           Tloc           60 (1000)    1%          1    N/A
h - Statue Form           Tmut/Erth      60 (150)     11%         6    N/A
i - Swiftness             Chrm/Air       67 (100)     1%          2    N/A

Dungeon Overview and Level Annotations

Branches:
Dungeon (15/15) Swamp (3/3) Orc:2 Slime (0/4) Orc:2 Vaults:3 Orc (2/2) D:15 Vaults (3/3) D:15 Swamp:3 Depths (0/3) D:15 Vaults:3 Snake: Orc:2 Spider: Orc:2

Altars:
Cheibriados
Dithmenos
Elyvilon
Gozag
Hepliaklqana
Jiyva
Kikubaaqudgha
Makhleb
Okawaru
Qazlal
Ru
Sif Muna
Trog
Uskayaw
Vehumet
Xom
Yredelemnul
Zin
The Shining One

Shops:
D:11 ?*   D:14 *   Orc:2 *?[!   Vaults:2 ((*


Innate Abilities, Weirdness & Mutations

Your mind is acute. (Int +5)
Your muscles are strong. (Str +5)


Message History

* * * LOW HITPOINT WARNING * * *
The tentacled monstrosity constricts you (7)!
The two-headed ogre hits you but does no damage.
The two-headed ogre hits you with a +0 giant club (2).
* * * LOW HITPOINT WARNING * * *
The tentacled monstrosity is lost in a daze.
* * * LOW HITPOINT WARNING * * *
The tentacled monstrosity constricts you (1).
The tentacled monstrosity tentacle-slaps you but does no damage. x3
The vault warden hits you but does no damage.
You can move again.
Blink to where?
Press: ? - help, Dir - move target cursor You escape the tentacled monstrosity's grasp.
As you read the scroll of blinking, it crumbles to dust.
A deep elf death mage comes into view.
The floating eye changes into a two-headed ogre!
The hell knight misses you.
The frost giant hits you with a +0 battleaxe of freezing (2).
You die...

..O.
......
...
.....
........
.p...e
#....#
#.§e.#
#§C.L#
#§8pO#
#§OCp#
#§cOX#
#c§§X#
#.8DH#


#DDCc# #CcLD# #C.p.# #...c# You could see a tentacled monstrosity, an ironheart
preserver, a titan, a frost giant, a vault warden, a lich, a yaktaur captain, a
deep elf death mage, a hell knight, a two-headed ogre, a two-headed ogre shaped
shifter, a deep elf mage and 2 ogres.

Vanquished Creatures
  the Lernaean hydra (Swamp:3)
  Nikola (Swamp:3)
  A tentacled monstrosity (Swamp:2)
  Kirke (D:15)
  2 storm dragons (Vaults:3)
  A shadow dragon (Vaults:2)
  2 thorn hunters (Swamp:1)
  2 tengu reavers
  2 fire giants
  4 vault wardens
  A frost giant (Vaults:2)
  An orc warlord (Orc:2)
  Louise (Swamp:3)
  A very ugly thing (Vaults:3)
  3 stone giants (Vaults:2)
  2 war gargoyles (Vaults:3)
  6 ironheart preservers
  A deep elf demonologist (Vaults:1)
  Nessos (D:14)
  A dire elephant (D:15)
  A halazid warlock (Vaults:1)
  An ettin (Orc:2)
  2 yaktaur captains (Vaults:2)
  A fire dragon (Vaults:1)
  Josephine (D:13)
  15 vault guards
  A rakshasa (Vaults:2)
  2 ice dragons
  19 hydras
  4 ghost crabs
  16 two-headed ogres
  An ogre mage (Vaults:1)
  11 death yaks
  5 alligators
  7 centaur warriors
  A deep troll earth mage (Vaults:2)
  A death knight (D:11)
  2 deep troll shamans (Vaults:1)
  A tengu warrior (D:15)
  6 orc high priests (Orc:2)
  3 deep elf knights
  4 skeletal warriors (D:15)
  4 unseen horrors
  3 spriggan druids
  8 deep trolls
  A wizard (Vaults:2)
  17 swamp dragons
  6 ironbrand convokers
  A necromancer (Vaults:2)
  A wolf spider zombie (D:15)
  A harpy (shapeshifter) (Vaults:1)
  3 deep elf archers (Vaults:1)
  4 orc knights
  6 orc sorcerers
  4 hornets
  A faun (shapeshifter) (Vaults:3)
  A salamander (D:15)
  2 wolf spiders (D:15)
  15 ugly things
  16 deep elf magi
  5 cyclopes
  2 manticores
  A frost giant skeleton (Vaults:2)
  5 centaur zombies
  A black mamba (shapeshifter) (D:14)
  A black mamba (D:14)
  A torpor snail (D:13)
  A guardian serpent (shapeshifter) (Vaults:1)
  A gargoyle (D:14)
  7 vault sentinels
  20 yaktaurs
  A rime drake (D:15)
  3 spiny frogs
  A rime drake (shapeshifter) (Vaults:3)
  An efreet (D:15)
  A human zombie (Vaults:2)
  8 trolls
  6 meliai (D:14)
  2 tengu conjurers (D:15)
  5 tyrant leeches
  A queen bee (D:14)
  A harpy skeleton (D:15)
  5 blink frogs
  6 bog bodies
  A frost giant simulacrum (Vaults:2)
  12 slime creatures
  4 wraiths
  A vampire (D:12)
  2 black mamba skeletons
  3 shadows
  4 wyverns
  2 hogs (D:15)
  10 yaks
  2 vampire mosquitoes (Swamp:2)
  An angry ghost (D:8)
  3 wargs
  8 swamp worms
  A naga (shapeshifter) (Vaults:2)
  3 spiny frog zombies
  2 acid dragons
  A water moccasin (D:11)
  2 spiny frog skeletons (D:10)
  Purgy (Sewer)
  9 swamp drakes
  44 orc warriors
  16 ogres
  3 wasps
  2 blink frog zombies
  5 ice beasts
  A phantom (D:6)
  10 boggarts
  16 centaurs
  2 blink frog skeletons
  A bullfrog (D:6)
  3 wyvern zombies
  4 scorpions
  2 wyvern skeletons
  A water moccasin skeleton (D:8)
  A crimson imp (D:5)
  40 killer bees
  11 wights
  2 howler monkeys
  A rime drake simulacrum (D:15)
  3 electric eels
  3 jellies
  2 quasits (D:6)
  A wasp zombie (D:9)
  A wyvern simulacrum (D:14)
  8 centaur skeletons
  30 orc priests
  5 hounds
  20 orc wizards
  5 worker ants (D:5)
  3 iguanas
  A killer bee zombie (D:9)
  2 hound zombies (D:7)
  14 mummies (Ossuary)
  8 adders
  3 gnolls (D:3)
  3 shadow imps
  A dart slug (D:1)
  111 orcs
  8 quokkas
  8 giant cockroaches
  8 goblins
  9 hobgoblins
  A ball python (D:1)
  10 bats
  6 frilled lizards
  A gnoll skeleton (Ossuary)
  3 goblin skeletons (Ossuary)
  8 kobolds
  A kobold skeleton (Ossuary)
  3 orc skeletons (Ossuary)
  2 quokka skeletons (D:4)
  12 rats
  11 rat skeletons (Ossuary)
  5 briar patches (Swamp:1)
877 creatures vanquished.

Vanquished Creatures (collateral kills)
  14 vault guards (Vaults:3)
  A phantasmal warrior (Vaults:3)
15 creatures vanquished.

Vanquished Creatures (others)
  A stone giant (Vaults:2)
  A fire dragon (shapeshifter) (Vaults:1)
  2 hydras (Swamp:3)
  A vault guard (Vaults:3)
  A bog body (Swamp:3)
  A spriggan (Swamp:2)
  A wasp (Swamp:2)
  A boggart (Vaults:3)
  An orc (Orc:1)
  43 spectral weapons
53 creatures vanquished.

Grand Total: 945 creatures vanquished

Notes
Turn   | Place    | Note
-------+----------+-------------------------------------------
     0 | D:1      | tehllama the Gnoll Skald began the quest for the Orb.
     0 | D:1      | Reached XP level 1. HP: 19/19 MP: 5/5
   174 | D:1      | Reached XP level 2. HP: 26/26 MP: 4/6
   191 | D:1      | Learned a level 2 spell: Song of Slaying
   440 | D:1      | Reached XP level 3. HP: 26/33 MP: 3/6
   449 | D:1      | Learned a level 3 spell: Regeneration
   807 | D:2      | Found a stormy altar of Qazlal.
   808 | D:2      | Noticed a fire elemental
   809 | D:2      | Noticed a water elemental
   810 | D:2      | Noticed an air elemental
   810 | D:2      | Noticed an earth elemental
   847 | D:2      | Found an iron altar of Okawaru.
   857 | D:2      | Became a worshipper of Warmaster Okawaru
   979 | D:2      | Reached XP level 4. HP: 31/39 MP: 3/5
  1029 | D:2      | Learned a level 4 spell: Ozocubu's Armour
  1175 | D:2      | Found a snail-covered altar of Cheibriados.
  1288 | D:2      | Found a viscous altar of Jiyva.
  1582 | D:3      | Reached XP level 5. HP: 35/46 MP: 1/7
  1649 | D:3      | Noticed an orc warrior
  1662 | D:3      | Killed an orc warrior
  1662 | D:3      | Reached * piety under Okawaru
  1662 | D:3      | Reached XP level 6. HP: 44/53 MP: 3/9
  1682 | D:3      | Learned a level 5 spell: Spectral Weapon
  1914 | D:3      | Found a shadowy altar of Dithmenos.
  2146 | D:3      | Found a glowing drain.
  2151 | Sewer    | Entered a sewer
  2245 | Sewer    | Noticed Purgy
  2258 | Sewer    | Killed Purgy
  2470 | D:4      | Found a deep blue altar of Sif Muna.
  2510 | D:4      | Found a white marble altar of Elyvilon.
  2516 | D:4      | Reached XP level 7. HP: 60/60 MP: 4/6
  2603 | D:4      | Found an ancient bone altar of Kikubaaqudgha.
  2603 | D:4      | Found a glowing silver altar of Zin.
  2603 | D:4      | Found a glowing golden altar of the Shining One.
  2604 | D:4      | Found a basalt altar of Yredelemnul.
  2607 | D:4      | Found a burning altar of Makhleb.
  2607 | D:4      | Found a bloodstained altar of Trog.
  2655 | D:4      | Found a radiant altar of Vehumet.
  2988 | D:4      | Found a shadowy altar of Dithmenos.
  3136 | D:5      | Entered Level 5 of the Dungeon
  3153 | D:5      | Found a sacrificial altar of Ru.
  3275 | D:5      | Reached ** piety under Okawaru
  3319 | D:5      | Reached XP level 8. HP: 67/67 MP: 6/8
  3483 | D:5      | Found a shimmering altar of Xom.
  3797 | D:6      | Found a sand-covered staircase.
  3830 | Ossuary  | Entered an ossuary
  4263 | D:6      | Got the +2 robe "Rerghub" {Int+4 Dex+3}
  4284 | D:6      | Found a hazy altar of Hepliaklqana.
  4333 | D:6      | Found a hide-covered altar of Uskayaw.
  4333 | D:6      | Found an iron altar of Okawaru.
  4561 | D:6      | Found a hazy altar of Hepliaklqana.
  4626 | D:6      | Reached *** piety under Okawaru
  4693 | D:6      | Reached XP level 9. HP: 74/74 MP: 3/5
  5262 | D:7      | Found an opulent altar of Gozag.
  5725 | D:8      | Received a gift from Okawaru
  5967 | D:8      | Reached **** piety under Okawaru
  6110 | D:8      | Reached XP level 10. HP: 82/82 MP: 6/6
  6236 | D:8      | Killed an unseen horror
  6380 | D:8      | Killed an unseen horror
  6603 | D:9      | Reached ***** piety under Okawaru
  6887 | D:9      | Received a gift from Okawaru
  7113 | D:10     | Entered Level 10 of the Dungeon
  7149 | D:10     | Noticed a purple ugly thing
  7157 | D:10     | Killed a purple ugly thing
  7187 | D:10     | Reached XP level 11. HP: 81/89 MP: 7/9
  7213 | D:10     | Got the +9 rapier "Woseh" {drain, rN+ MP+9 Str-4 Stlth+}
  7275 | D:10     | Noticed a two-headed ogre
  7282 | D:10     | Killed a two-headed ogre
  8130 | D:11     | Received a gift from Okawaru
  8133 | D:11     | Got the +0 robe of Miedgh Reja {rN+ Str+6}
  8172 | D:11     | Noticed a cyclops
  8179 | D:11     | Killed a cyclops
  8397 | D:11     | Noticed a white ugly thing
  8401 | D:11     | Killed a white ugly thing
  8405 | D:11     | Noticed a two-headed ogre
  8406 | D:11     | Killed a two-headed ogre
  8407 | D:11     | Noticed a nine-headed hydra
  8453 | D:11     | Noticed a two-headed ogre
  8456 | D:11     | Killed a two-headed ogre
  8456 | D:11     | Reached XP level 12. HP: 96/96 MP: 7/10
  8463 | D:11     | Killed a nine-headed hydra
  8593 | D:11     | Noticed a death knight
  8601 | D:11     | Killed a death knight
  8685 | D:11     | Noticed a two-headed ogre
  8697 | D:11     | Killed a two-headed ogre
  8762 | D:11     | Found Yruom's General Store.
  8765 | D:11     | Bought a potion of curing for 39 gold pieces
  8765 | D:11     | Bought a potion of heal wounds for 65 gold pieces
  8793 | D:11     | Noticed a two-headed ogre
  8799 | D:11     | Killed a two-headed ogre
  8882 | D:11     | Found Vanoc's Magic Scroll Boutique.
  8890 | D:11     | Bought a scroll of teleportation for 30 gold pieces
  8890 | D:11     | Bought a scroll of teleportation for 30 gold pieces
  9128 | D:12     | Noticed a five-headed hydra
  9134 | D:12     | Killed a five-headed hydra
  9134 | D:12     | Received a gift from Okawaru
  9145 | D:12     | Noticed a two-headed ogre
  9156 | D:12     | Killed a two-headed ogre
  9399 | D:12     | Noticed a two-headed ogre
  9431 | D:12     | Killed a two-headed ogre
 10058 | D:13     | Noticed Josephine
 10065 | D:13     | Killed Josephine
 10065 | D:13     | Reached XP level 13. HP: 103/103 MP: 10/12
 10127 | D:13     | Learned a level 7 spell: Invisibility
 10129 | D:13     | Learned a level 1 spell: Apportation
 10320 | D:13     | Received a gift from Okawaru
 10354 | D:13     | Reached ****** piety under Okawaru
 10766 | D:14     | Noticed Nessos
 10772 | D:14     | Killed Nessos
 11117 | D:14     | Found Xuyfyll's Assorted Antiques.
 11126 | D:14     | Received a gift from Okawaru
 11593 | D:15     | Entered Level 15 of the Dungeon
 11648 | D:15     | Reached XP level 14. HP: 98/111 MP: 8/13
 11675 | D:15     | Learned a level 6 spell: Statue Form
 11813 | D:15     | Found a staircase to the Depths.
 11813 | D:15     | Noticed a dire elephant
 11824 | D:15     | Killed a dire elephant
 12010 | D:15     | Noticed Kirke
 12022 | D:15     | Killed Kirke
 12186 | D:15     | Found a staircase to the Orcish Mines.
 12222 | D:15     | Received a gift from Okawaru
 12259 | D:15     | Found a gate to the Vaults.
 12457 | D:15     | Received a gift from Okawaru
 12787 | D:15     | Found a basalt altar of Yredelemnul.
 12848 | Orc:1    | Entered Level 1 of the Orcish Mines
 13314 | Orc:2    | Entered Level 2 of the Orcish Mines
 13334 | Orc:2    | Found a staircase to the Slime Pits.
 13381 | Orc:2    | Reached XP level 15. HP: 78/118 MP: 1/15
 13571 | Orc:2    | Found Adio's Magic Scroll Emporium.
 13611 | Orc:2    | Found Qamuu's General Store.
 13798 | Orc:2    | Learned a level 2 spell: Swiftness
 13963 | Orc:2    | Found a staircase to the Swamp.
 14118 | Orc:2    | Found Vuimyidd's Distillery.
 14249 | Orc:2    | Noticed an orc warlord
 14257 | Orc:2    | Killed an orc warlord
 14328 | Orc:2    | Found Nojuack's Armour Boutique.
 14743 | Orc:2    | Bought a potion of heal wounds for 75 gold pieces
 14743 | Orc:2    | Bought a potion of heal wounds for 75 gold pieces
 14743 | Orc:2    | Bought a potion of curing for 45 gold pieces
 14743 | Orc:2    | Bought a potion of heal wounds for 75 gold pieces
 14743 | Orc:2    | Bought a potion of curing for 45 gold pieces
 14743 | Orc:2    | Gained mutation: You are weak. (Str -5) [potion of mutation]
 14743 | Orc:2    | Gained mutation: You are somewhat resistant to further mutation. [potion of mutation]
 14743 | Orc:2    | Lost mutation: You are weak. (Str -5) [potion of mutation]
 14744 | Orc:2    | Lost mutation: You are somewhat resistant to further mutation. [potion of mutation]
 14744 | Orc:2    | Gained mutation: You can translocate small distances at will. [potion of mutation]
 14744 | Orc:2    | Gained mutation: Your tricky nature makes your hexes more powerful. [potion of mutation]
 14744 | Orc:2    | Gained mutation: Your spells are a little harder to cast, but a little more powerful. [potion of mutation]
 14747 | Orc:2    | Bought a potion of mutation for 120 gold pieces
 14747 | Orc:2    | Lost mutation: You can translocate small distances at will. [potion of mutation]
 14747 | Orc:2    | Lost mutation: Your spells are a little harder to cast, but a little more powerful. [potion of mutation]
 14747 | Orc:2    | Lost mutation: Your tricky nature makes your hexes more powerful. [potion of mutation]
 14747 | Orc:2    | Gained mutation: Your tricky nature makes your hexes more powerful. [potion of mutation]
 14747 | Orc:2    | Gained mutation: You resist negative energy. (rN+) [potion of mutation]
 14747 | Orc:2    | Gained mutation: You passively map the area around you. [potion of mutation]
 14748 | Orc:2    | Lost mutation: You resist negative energy. (rN+) [potion of mutation]
 14748 | Orc:2    | Gained mutation: Your magical capacity is low. (-10% MP) [potion of mutation]
 14748 | Orc:2    | Gained mutation: You possess an exceptional clarity of mind. [potion of mutation]
 14749 | Orc:2    | Lost mutation: You possess an exceptional clarity of mind. [potion of mutation]
 14749 | Orc:2    | Lost mutation: Your magical capacity is low. (-10% MP) [potion of mutation]
 14749 | Orc:2    | Lost mutation: You passively map the area around you. [potion of mutation]
 14749 | Orc:2    | Lost mutation: Your tricky nature makes your hexes more powerful. [potion of mutation]
 14749 | Orc:2    | Gained mutation: You passively map the area around you. [potion of mutation]
 14749 | Orc:2    | Gained mutation: You expend magic power (3 MP) to strengthen your wands. [potion of mutation]
 14749 | Orc:2    | Gained mutation: You are dopey. (Int -5) [potion of mutation]
 14749 | Orc:2    | Gained mutation: You possess an exceptional clarity of mind. [potion of mutation]
 14751 | Orc:2    | Lost mutation: You expend magic power (3 MP) to strengthen your wands. [potion of mutation]
 14751 | Orc:2    | Lost mutation: You passively map the area around you. [potion of mutation]
 14751 | Orc:2    | Lost mutation: You are dopey. (Int -5) [potion of mutation]
 14751 | Orc:2    | Lost mutation: You possess an exceptional clarity of mind. [potion of mutation]
 14751 | Orc:2    | Gained mutation: Your flesh is cold resistant. (rC+) [potion of mutation]
 14751 | Orc:2    | Lost mutation: Your flesh is cold resistant. (rC+) [potion of mutation]
 14751 | Orc:2    | Gained mutation: Your muscles are strong. (Str +5) [potion of mutation]
 14751 | Orc:2    | Gained mutation: Your mind is acute. (Int +5) [potion of mutation]
 14812 | Swamp:1  | Entered Level 1 of the Swamp
 14812 | Swamp:1  | Noticed a thorn hunter
 14831 | Swamp:1  | Killed a thorn hunter
 14871 | Swamp:1  | Noticed a thorn hunter
 14886 | Swamp:1  | Killed a thorn hunter
 14886 | Swamp:1  | Received a gift from Okawaru
 15809 | Swamp:2  | Noticed a tentacled monstrosity
 15817 | Swamp:2  | Reached XP level 16. HP: 126/126 MP: 5/10
 15820 | Swamp:2  | Killed a tentacled monstrosity
 16111 | Swamp:3  | Entered Level 3 of the Swamp
 16159 | Swamp:3  | Noticed Nikola
 16169 | Swamp:3  | Received a gift from Okawaru
 16192 | Swamp:3  | Killed Nikola
 16362 | Swamp:3  | Noticed the 27-headed Lernaean hydra
 16375 | Swamp:3  | Killed the 27-headed Lernaean hydra
 16375 | Swamp:3  | Received a gift from Okawaru
 16380 | Swamp:3  | Got the +2 helmet "Hubbiduowk" {rF+}
 16672 | Swamp:3  | Noticed Louise
 16686 | Swamp:3  | Killed Louise
 16914 | Swamp:3  | Found a gate to the Vaults.
 16971 | Swamp:3  | Got a decaying rune of Zot
 16975 | Vaults:1 | Entered Level 1 of the Vaults
 17018 | Vaults:1 | Reached XP level 17. HP: 133/133 MP: 5/13
 17217 | Vaults:1 | Found a burning altar of Makhleb.
 17443 | Vaults:1 | Received a gift from Okawaru
 18166 | Vaults:2 | Found Ananuawa's Assorted Antiques.
 18186 | Vaults:2 | Bought the ring of Tiwnytzu {rC+ Str+2 Slay+3} for 1959 gold pieces
 18273 | Vaults:2 | Found Lar Ass's Antique Weapon Shop.
 18388 | Vaults:2 | Received a gift from Okawaru
 18450 | Vaults:2 | Found Zuw Curch's Antique Weapon Boutique.
 18682 | Vaults:2 | Reached XP level 18. HP: 136/141 MP: 12/15
 19083 | Vaults:2 | Got the +7 arbalest "Mepoav" {elec, Str+3}
 19244 | Vaults:3 | Entered Level 3 of the Vaults
 19244 | Vaults:3 | Found a staircase to the Slime Pits.
 19244 | Vaults:3 | Found a staircase to the Depths.
 19252 | Vaults:3 | Received a gift from Okawaru
 19256 | Vaults:3 | Noticed a golden dragon
 19263 | Vaults:3 | Noticed a titan
 19272 | Vaults:3 | Received a gift from Okawaru
 19295 | Vaults:3 | Paralysed by a sphinx for 3 turns
 19300 | Vaults:3 | Noticed a lich
 19303 | Vaults:3 | Noticed a Brimstone Fiend
 19306 | Vaults:3 | Noticed a lich
 19306 | Vaults:3 | HP: 3/183 [tentacled monstrosity (8)]
 19307 | Vaults:3 | Paralysed by a floating eye for 3 turns
 19309 | Vaults:3 | HP: 1/183 [tentacled monstrosity (1)]
 19310 | Vaults:3 | Slain by a frost giant

Action                   |  1- 3 |  4- 6 |  7- 9 | 10-12 | 13-15 | 16-18 || total
-------------------------+-------+-------+-------+-------+-------+-------++-------
Melee: Hand axe          |    66 |    38 |       |       |       |       ||   104
       War axe           |       |    35 |   220 |       |   408 |   391 ||  1054
       Double sword      |       |    18 |       |       |       |       ||    18
       Punch             |       |       |     7 |       |       |       ||     7
       Battleaxe         |       |       |    38 |   260 |   280 |       ||   578
       Unarmed           |       |       |       |       |     5 |       ||     5
       Broad axe         |       |       |       |       |       |   144 ||   144
 Cast: Infusion          |     1 |       |       |       |       |       ||     1
       Song of Slaying   |     1 |       |       |       |       |       ||     1
       Regeneration      |     1 |       |       |       |       |       ||     1
       Ozocubu's Armour  |       |     1 |       |       |       |       ||     1
       Spectral Weapon   |       |       |     1 |       |       |       ||     1
       Statue Form       |       |       |       |       |     1 |       ||     1
Invok: Finesse           |       |       |       |       |       |     1 ||     1
 Abil: End Ozocubu's Arm |       |       |       |       |     1 |       ||     1
  Use: Potion            |       |       |       |       |    15 |    14 ||    29
       Scroll            |       |       |       |       |     2 |    16 ||    18
 Stab: Sleeping          |     3 |     9 |    31 |    33 |    39 |    20 ||   135
       Distracted        |       |     2 |     2 |     1 |     7 |    11 ||    23
Armor: Leather armour    |    17 |    34 |    37 |       |       |       ||    88
       Robe              |       |       |    30 |   101 |   147 |       ||   278
       Skin              |       |       |       |       |    53 |   345 ||   398
Dodge: Dodged            |    44 |    78 |   181 |   235 |   513 |   667 ||  1718
Block: Other             |       |       |       |       |    29 |       ||    29
       Reflection        |       |       |       |       |     6 |    24 ||    30
       Buckler           |       |       |       |       |   148 |   320 ||   468
